 Dungeon Crawl Stone Soup version 0.28.0-43-g3370ac3207 (webtiles) character file.

Game seed: 8672301288200002873

3450 boopmooplesden the Carver (level 9, -9/79 HPs)
             Began as a Minotaur Fighter on Feb 28, 2022.
             Was a Follower of Okawaru.
             Mangled by a slime creature (15 damage)
             ... on level 7 of the Dungeon.
             The game lasted 00:11:55 (9522 turns).

boopmooplesden the Carver (Minotaur Fighter)        Turns: 9522, Time: 00:11:55

Health: -9/79      AC: 14    Str: 24    XL:     9   Next: 78%
Magic:  6/8        EV: 12    Int:  5    God:    Okawaru [*.....]
Gold:   429        SH: 12    Dex: 11    Spells: 8/8 levels left

rFire   . . .      SeeInvis +   x - +3 scimitar
rCold   . . .      Faith    .   o - +0 kite shield
rNeg    . . .      Spirit   .   B - +1 scale mail {Will+}
rPois   .          Reflect  .   (helmet restricted)
rElec   .          Harm     .   j - +0 cloak
rCorr   .          Rampage  .   (no gloves)
Will    +....                   i - +0 pair of boots
Stlth   ++........              u - amulet of the acrobat
HPRegen 0.23/turn               p - ring of see invisible
MPRegen 0.11/turn               (no ring)

@: heroic
A: horns 2, retaliatory headbutt
a: Renounce Religion, Heroism


You were on level 7 of the Dungeon.
You worshipped Okawaru.
Okawaru was aware of your devotion.
You visited 2 branches of the dungeon, and saw 9 of its levels.

You collected 429 gold pieces.

Inventory:

Hand Weapons
 a - a +0 long sword
 n - a +2 trident of venom
 t - a +1 falchion of electrocution
 x - a +3 scimitar (weapon)
Missiles
 d - 4 boomerangs
 q - 13 sling bullets
 A - 4 javelins (quivered)
Armour
 i - a +0 pair of boots (worn)
 j - a +0 cloak (worn)
 k - a +0 plate armour
 o - a +0 kite shield (worn)
 B - a +1 scale mail of willpower (worn)
Jewellery
 f - a ring of wizardry
 p - a ring of see invisible (left hand)
 u - an amulet of the acrobat (around neck)
 y - a ring of magical power
Wands
 e - a wand of flame (22)
 l - a wand of digging (4)
 s - a wand of iceblast (13)
Scrolls
 b - 2 scrolls of identify
 z - a scroll of noise
Potions
 c - a potion of degeneration {unknown}
 g - a potion of haste
 h - 3 potions of curing {unknown}
 m - a potion of cancellation
 r - 2 potions of brilliance {unknown}
 v - a potion of lignification {unknown}
 w - a potion of attraction {unknown}
 C - a potion of might
 D - a potion of flight {unknown}


   Skills:
 + Level 7.2(12.2) Fighting
 + Level 9.6(14.6) Long Blades
 + Level 0.7(5.7) Throwing
 + Level 9.5(14.5) Armour
 + Level 3.1(8.1) Dodging
 + Level 1.6(6.6) Stealth
 + Level 8.2(13.2) Shields
 + Level 0.1 Invocations
 + Level 0.6 Evocations


You had 8 spell levels left.
You didn't know any spells.
Your spell library contained the following spells:

 Spells                   Type           Power      Damage    Failure   Level
 Sandblast                Erth           0%         2d4       89%         1
 Passwall                 Tmut/Erth      0%         N/A       96%         2
 Ozocubu's Armour         Ice            0%         N/A       99%         3
 Stone Arrow              Conj/Erth      0%         3d7       99%         3
 Ozocubu's Refrigeration  Ice            0%         4d5       100%        7


Dungeon Overview and Level Annotations

Branches:
Dungeon (8/15)             Temple (1/1) D:5
   Lair: D:8-11

Altars:
Cheibriados
Elyvilon
Hepliaklqana
Kikubaaqudgha
Okawaru
Ru
Trog
Uskayaw
Vehumet
Wu Jian
Yredelemnul
Zin

Shops:
D:2 ?


Innate Abilities, Weirdness & Mutations

You have a pair of horns on your head.
You reflexively headbutt those who attack you in melee.


Message History

The slime creature is severely wounded.
You block the slime creature's attack.
The very large slime creature hits you!!
You gain the combat prowess of a mighty hero.
You block the slime creature's attack.
The very large slime creature hits you!!
* * * LOW HITPOINT WARNING * * *
A very large slime creature splits.
A large slime creature splits.
Two slime creatures merge to form a large slime creature.
You barely miss the slime creature.
The slime creature is heavily wounded.
The slime creature hits you!
* * * LOW HITPOINT WARNING * * *
Two slime creatures merge to form a large slime creature.
You slash the large slime creature!
The large slime creature is moderately wounded.
Unknown command.
Okay, then.
You feel like a meek peon again.
You open the door.
There is an open door here.
Two slime creatures merge to form a very large slime creature.
You enter the shallow water.
Moving in this stuff is going to be slow.
The slime creature completely misses you.
There is a stone staircase leading up here.
The slime creature barely misses you.
You climb upwards.
There is a stone staircase leading down here.
You hit the slime creature.
The slime creature is lightly wounded.
You block the slime creature's attack.
You slash the slime creature!
The slime creature is moderately wounded.
The slime creature hits you!
* * * LOW HITPOINT WARNING * * *
You gain the combat prowess of a mighty hero.
The slime creature hits you!
You die...

#####
#...##################
#....@(...............
#...#J###.###.###.####
#...#.# #.# #.#...# #
#...#.###.###.#.######
#...........#...<.>...
#...........##...#####
#................'....
####........##...#####
#........##...#


You could see a slime creature.

Vanquished Creatures
  A wyvern (D:8)
  Edmund (D:5)
  An orc warrior (D:6)
  An ice beast (D:6)
  5 black bears
  A necrophage (D:5)
  3 ogres
  2 sky beasts (D:5)
  2 phantoms
  2 centaurs
  A kobold brigand (D:4)
  4 bullfrogs
  A gnoll sergeant (D:4)
  2 scorpions
  A water moccasin zombie (D:5)
  A wyvern skeleton (D:7)
  7 wights
  A howler monkey (D:6)
  2 centaur zombies
  3 hounds
  5 orc priests
  A centaur skeleton (D:7)
  A gnoll shaman (D:5)
  A jelly (D:5)
  4 iguanas
  2 orc wizards
  A howler monkey zombie (D:8)
  11 gnolls
  6 adders
  A shadow imp (D:6)
  An ufetubus (D:5)
  A worm (D:3)
  An adder skeleton (D:4)
  2 dart slugs (D:2)
  8 orcs
  3 ball pythons
  9 endoplasms
  3 giant cockroaches
  5 goblins
  10 hobgoblins
  3 quokkas
  4 bats
  4 frilled lizards (D:1)
  7 kobolds
  7 rats
143 creatures vanquished.

Vanquished Creatures (others)
  3 plants (D:1)
  A withered plant (D:2)
4 creatures vanquished.

Grand Total: 147 creatures vanquished

Notes
Turn   | Place    | Note
-------+----------+-------------------------------------------
     0 | D:1      | boopmooplesden the Minotaur Fighter began the quest for the
                  | Orb.
     0 | D:1      | Reached XP level 1. HP: 19/19 MP: 0/0
   262 | D:1      | Reached XP level 2. HP: 27/27 MP: 1/1
  1029 | D:1      | Reached XP level 3. HP: 33/33 MP: 2/2
  1552 | D:2      | Found Qemm's Magic Scroll Emporium.
  1620 | D:2      | Found a faded altar of an unknown god.
  2254 | D:3      | Reached XP level 4. HP: 37/40 MP: 3/3
  2321 | D:3      | Noticed a phantom
  2339 | D:3      | Killed a phantom
  2340 | D:3      | Reached skill level 5 in Armour
  2340 | D:3      | Reached XP level 5. HP: 36/46 MP: 4/4
  2640 | D:3      | Reached skill level 1 in Dodging
  3412 | D:4      | Reached skill level 5 in Long Blades
  3452 | D:4      | Reached XP level 6. HP: 37/53 MP: 5/5
  3460 | D:4      | HP: 1/53 [gnoll/+0 whip (6)]
  3935 | D:4      | Found a radiant altar of Vehumet.
  4944 | D:5      | Entered Level 5 of the Dungeon
  5080 | D:5      | Noticed a sky beast
  5094 | D:5      | Killed a sky beast
  5095 | D:5      | Reached skill level 5 in Fighting
  5095 | D:5      | Reached XP level 7. HP: 29/61 MP: 6/6
  5492 | D:5      | Noticed Edmund
  5737 | D:6      | Reached skill level 5 in Shields
  6094 | D:6      | Reached skill level 1 in Stealth
  6536 | D:6      | Reached XP level 8. HP: 70/70 MP: 7/7
  7519 | D:5      | Found a staircase to the Ecumenical Temple.
  7534 | Temple   | Entered the Ecumenical Temple
  7686 | Temple   | Became a worshipper of Warmaster Okawaru
  7767 | D:5      | Reached XP level 9. HP: 76/78 MP: 8/8
  7893 | D:5      | Killed Edmund
  8159 | D:7      | Reached * piety under Okawaru
  9522 | D:7      | Mangled by a slime creature

Illustrated notes

Levels and vault maps discovered:
D:1:      dpeg_arrival_arbitrary_a, layout_loops_ring, serial_forest,
          infiniplex_forest_lined_3, infiniplex_forest_lined_3_way,
          infiniplex_forest_end_3, infiniplex_forest_end_1,
          infiniplex_forest_clump_double, infiniplex_forest_side_room,
          infiniplex_forest_clump_tiny, infiniplex_forest_clump_cross,
          serial_bayou_pond_c
D:2:      layout_basic, serial_shops, shop_coins,
          ebering_ecumenical_altar_petrified, chequers_serial_rivers_marsh
D:3:      layout_loops_corners
D:4:      layout_basic, kennysheep_mini_moat
D:5:      layout_loops_cross, minmay_temple_entry_mist, uniq_edmund
D:6:      layout_basic, dk_noncrumbling_4
D:7:      layout_basic
D:8:      lemuel_ice_spiral_2, layout_basic
Temple:   regret_index_temple_mists

Skill      XL: |  1  2  3  4  5  6  7  8  9 |
---------------+----------------------------+-----
Armour         | 4 5 6 7 8 9 |  9.5
Fighting       | 4 5 6 7 |  7.2
Long Blades    | 3 4 5 7 8 9 |  9.6
Shields        | 4 5 6 8 |  8.2
Dodging        | 1 2 3 |  3.1
Stealth        | 1 |  1.6
Throwing       | |  0.7
Invocations    | |  0.1
Evocations     | |  0.6

Action                   |  1- 3 |  4- 6 |  7- 9 || total
-------------------------+-------+-------+-------++-------
Melee: Long sword        |    86 |   120 |    14 ||   220
       Headbutt          |     6 |    29 |    53 ||    88
       Falchion          |       |       |   181 ||   181
       Scimitar          |       |       |    40 ||    40
Throw: Javelin           |       |       |     2 ||     2
Invok: Heroism           |       |       |     4 ||     4
Evoke: Wand              |       |       |     3 ||     3
  Use: Scroll            |     1 |     1 |     7 ||     9
       Potion            |       |     1 |     3 ||     4
Armor: Scale mail        |    21 |       |    26 ||    47
       Chain mail        |     6 |    68 |    80 ||   154
Dodge: Dodged            |    35 |    30 |   111 ||   176
Block: Buckler           |    14 |    20 |       ||    34
       Kite shield       |       |    19 |   129 ||   148
